 Dungeon Crawl Stone Soup version 0.31.0-11-ge490571c62 (webtiles) character file.

Game seed: 14328064945042358827

10430 browni3141 the Cleaver (level 11, -2/102 HPs)
             Began as a Minotaur Fighter on Jan 27, 2024.
             Was a High Priest of Okawaru.
             Slain by a death yak (11 damage)
             ... on level 1 of the Lair of Beasts on Jan 28, 2024.
             The game lasted 00:05:29 (4562 turns).

browni3141 the Cleaver (Minotaur Fighter)           Turns: 4562, Time: 00:05:30

Health: -2/102     AC: 11    Str: 24    XL:     11   Next: 36%
Magic:  16/17      EV: 11    Int:  5    God:    Okawaru [*****.]
Gold:   328        SH:  6    Dex: 11    Spells: 10/10 levels left

rFire   + . .        a - +0 war axe
rCold   . . .        c - +0 buckler
rNeg    . . .        b - +0 scale mail
rPois   .            (helmet restricted)
rElec   .            i - +0 cloak
rCorr   .            (no gloves)
SInv    .            n - +0 pair of boots
Will    .....        h - amulet of regeneration
Stlth   +            v - ring of protection from fire
HPRegen 1.17/turn    (no ring)
MPRegen 0.15/turn

%: no passive effects
@: heroic
A: horns 2, retaliatory headbutt
a: Renounce Religion, Heroism, Finesse, Duel


You were on level 1 of the Lair of Beasts.
You worshipped Okawaru.
Okawaru was extremely pleased with you.
You visited 3 branches of the dungeon, and saw 10 of its levels.

You collected 328 gold pieces.

Inventory:

Hand Weapons
 a - a +0 war axe (weapon)
Missiles
 g - 4 curare-tipped darts
 m - 12 boomerangs (quivered)
 D - 15 javelins
Armour
 b - a +0 scale mail (worn)
 c - a +0 buckler (worn)
 i - a +0 cloak (worn)
 n - a +0 pair of boots (worn)
Jewellery
 h - an amulet of regeneration (around neck)
 l - an amulet of magic regeneration
 v - a ring of protection from fire (left hand)
 A - an amulet of the acrobat
Wands
 u - a wand of polymorph (9)
 x - a wand of light (5)
 z - a wand of flame (48)
 C - a wand of mindburst (8)
Scrolls
 f - a scroll of acquirement {unknown}
 k - a scroll of fog
 s - 2 scrolls of silence
 w - a scroll of amnesia
 y - a scroll of torment {unknown}
 B - a scroll of revelation {unknown}
Potions
 d - 3 potions of mutation
 e - a potion of attraction {unknown}
 j - a potion of curing
 o - a potion of resistance {unknown}
 p - a potion of cancellation
 q - a potion of berserk rage {unknown}
 r - a potion of invisibility {unknown}
 t - a potion of ambrosia {unknown}


   Skills:
 + Level 11.1(16.1) Fighting
 * Level 14.7(19.7) Axes
 - Level 3.6(8.6) Armour
 - Level 3.6(8.6) Shields
 * Level 9.8 Invocations


You had 10 spell levels left.
You didn't know any spells.
Your spell library contained the following spells:

 Spells                   Type           Power      Damage    Failure   Level
 Leda's Liquefaction      Alch/Erth      0%         N/A       100%        4
 Lee's Rapid Deconstruct  Erth           0%         3d4*      100%        5
 Bombard                  Conj/Erth      0%         9d1       100%        6


Dungeon Overview and Level Annotations

Branches:
Dungeon (8/15)             Temple (1/1) D:7            Lair (2/5) D:8
  Swamp: Lair:2-3    Shoals: Lair:2-3     Snake: Lair:2-3    Spider: Lair:2-3

Altars:
Ashenzari
Cheibriados
Dithmenos
Elyvilon
Hepliaklqana
Kikubaaqudgha
Nemelex Xobeh
Okawaru
Qazlal
Uskayaw
Wu Jian
Yredelemnul
Zin
The Shining One

Annotations:
D:4 1 runed translucent door, Rangus's ghost, amateur GnWn
Lair:1 2 transporters, browni3141's ghost, journeyman MiFi


Innate Abilities, Weirdness & Mutations

You have a pair of horns on your head.
You reflexively headbutt those who attack you in melee.


Message History

The oklob plant is heavily damaged.
Nothing quivered!
Nothing quivered!
You throw a boomerang. The boomerang hits the oklob plant!
The oklob plant is severely damaged.
You throw a boomerang.
The boomerang hits the oklob plant but does no damage.
The oklob plant is severely damaged.
The oklob plant spits acid at you. The splash of acid hits you!!
You throw a boomerang. The boomerang hits the oklob plant.
The oklob plant is severely damaged.
You throw a boomerang. The boomerang hits the oklob plant!
The oklob plant is almost destroyed.
The oklob plant spits acid at you. You block the splash of acid.
You throw a boomerang. The boomerang hits the oklob plant!
You destroy the oklob plant!
Okawaru is honoured by your kill.
No target in view!
Magic restored.
q - a fizzy blue potion
D - 15 javelins You feel like a meek peon again.
A death yak comes into view.
The death yak bellows!
You hear a bellow!
A death yak is nearby!
You gain the combat prowess of a mighty hero.
You hit the death yak but do no damage. Your headbutt misses the death yak.
You slash the plant!
The plant begins to die.
The death yak gores you.
You slice the death yak!!
The death yak is moderately wounded.
You hit the plant.
You hear a bellow!
The death yak gores you.
You hear a bellow!
You hit the death yak but do no damage.
The death yak is moderately wounded.
You slash the plant! You barely miss the death yak. You headbutt the death yak!
The death yak is moderately wounded.
You slice the plant!! The death yak gores you!
You hit the death yak. You headbutt the death yak!
The death yak is heavily wounded.
You hit the plant.
A death yak comes into view.
The death yak barely misses you.
You slash the death yak!
The death yak is heavily wounded.
You hit the plant. The death yak gores you!!
A death yak comes into view.
You slash the death yak!
The death yak is severely wounded.
You hit the plant.
A nearby plant withers and dies.
You slice the death yak!!
The death yak is almost dead.
The death yak gores you!
You hit the death yak but do no damage.
The death yak is almost dead.
The death yak closely misses you.
You barely miss the death yak.
The death yak is almost dead.
You slice the death yak!!
You kill the death yak!
Okawaru accepts your kill.
There is a stone staircase leading up here.
You climb upwards.
Level annotation: 2 transporters, browni3141's ghost, journeyman MiFi You feel like a meek peon again.
There is a stone staircase leading down here.
You start resting.
HP restored.
You climb downwards.
The death yak gores you! x2; The death yak gores you.
The death yak gores you!
There is a stone staircase leading up, spattered with blood here.
The death yak gores you! x2
You climb upwards.
Level annotation: 2 transporters, browni3141's ghost, journeyman MiFi
There is a stone staircase leading down here.
The death yak gores you!
You gain the combat prowess of a mighty hero.
You block the death yak's attack.
Aiming: Bolt of Light
Press: ? - help, Shift-Dir - straight line, f - death yak
Aim: a death yak (90% to hit)
The bolt of light hits the death yak!
The death yak is lightly wounded.
The death yak is blinded.
The bolt of light misses the death yak.
The death yak gores you!!
The cane toad gives a loud, deep croak!
You hear a croak.
The death yak is no longer blind.
Aiming: Bolt of Light
Press: ? - help, Shift-Dir - straight line, f/p - death yak
Aim: a death yak (lightly wounded, 90% to hit)
The bolt of light hits the death yak!
The death yak is moderately wounded.
The death yak is blinded.
The bolt of light hits the death yak!
The death yak is lightly wounded.
The death yak is blinded.
The death yak gores you!
You die...

### ### ###
####P####.#################.#####
.........>....Y..................
.........######Y..............###
........## #..@............##
........#### ##....##.##.....#
##......##.###....######.....#
##.................# #......#
#...##.#####...©...## ##.....####
##...........#####..####.........
....#.......##.©.##....#..#######
....#......##$###S##...#..#
#...#.....##..~.~$.##.....#


You could see 2 death yaks and a black mamba.

Vanquished Creatures
  A death yak (Lair:2)
  Pikel (D:4)
  An oklob plant (Lair:2)
  A black mamba (Lair:1)
  A komodo dragon (Lair:1)
  A hornet (D:8)
  4 blink frogs (Lair:2)
  21 yaks
  3 wyverns
  5 basilisks
  A naga (Lair:2)
  4 water moccasins
  3 sky beasts (D:7)
  2 ice beasts (D:7)
  10 black bears
  A centaur (D:8)
  A lemure (D:4)
  2 kobold brigands (D:8)
  7 bullfrogs
  A gnoll sergeant (D:7)
  A scorpion (D:8)
  3 wights (D:7)
  A bombardier beetle (D:7)
  Crazy Yiuf (D:2)
  4 orc priests
  A hound (D:5)
  A gnoll bouda (D:5)
  A sleepcap (D:8)
  5 orc wizards
  Robin (D:2)
  11 gnolls
  5 adders
  A white imp (D:7)
  A dart slug (D:4)
  5 orcs
  An endoplasm (D:4)
  A giant cockroach (D:1)
  11 goblins
  5 hobgoblins
  3 jackals (D:5)
  2 quokkas
  5 ball pythons
  A bat (D:1)
  2 frilled lizards (D:1)
  9 kobolds
153 creatures vanquished.

Vanquished Creatures (others)
  2 kobolds (D:8)
2 creatures vanquished.

Grand Total: 155 creatures vanquished

Notes
Turn   | Place    | Note
-------+----------+-------------------------------------------
     0 | D:1      | browni3141 the Minotaur Fighter began the quest for the
                  | Orb.
     0 | D:1      | Reached XP level 1. HP: 19/19 MP: 0/0
   170 | D:1      | Reached skill level 3 in Axes
   171 | D:1      | Reached XP level 2. HP: 26/27 MP: 1/1
   293 | D:2      | Reached XP level 3. HP: 10/33 MP: 2/2
   296 | D:2      | Reached skill level 4 in Axes
   419 | D:2      | Found a runed translucent door.
   420 | D:2      | Noticed Crazy Yiuf
   492 | D:2      | Noticed Robin
   505 | D:2      | Killed Robin
   506 | D:2      | Reached XP level 4. HP: 39/41 MP: 3/3
   571 | D:2      | Killed Crazy Yiuf
   785 | D:4      | Reached skill level 5 in Axes
   890 | D:4      | Noticed a lemure
   890 | D:4      | Noticed a lemure
   891 | D:4      | Noticed a lemure
   891 | D:4      | Noticed Pikel
   892 | D:4      | Noticed a lemure
   927 | D:4      | Killed a lemure
   936 | D:4      | Killed Pikel
   937 | D:4      | Reached skill level 7 in Axes
   937 | D:4      | Reached XP level 5. HP: 50/51 MP: 4/4
   937 | D:4      | Reached XP level 6. HP: 57/58 MP: 5/5
   937 | D:4      | Reached XP level 7. HP: 62/64 MP: 6/6
  1262 | D:4      | Reached skill level 8 in Axes
  1298 | D:4      | Found a runed translucent door.
  1298 | D:4      | Noticed Rangus's ghost (amateur GnWn)
  1443 | D:5      | Entered Level 5 of the Dungeon
  1461 | D:5      | Identified the dragon-blood talisman "Tinneos" {rC+ rN+
                  | Slay+3 Stlth+}
  1605 | D:5      | You fall into a shaft and drop 2 floors!
  1637 | D:7      | Reached skill level 9 in Axes
  1654 | D:7      | Found a staircase to the Ecumenical Temple.
  1659 | Temple   | Entered the Ecumenical Temple
  1664 | Temple   | Became a worshipper of Warmaster Okawaru
  1721 | D:7      | Reached XP level 8. HP: 73/73 MP: 7/7
  1761 | D:7      | Reached skill level 1 in Invocations
  2019 | D:7      | Reached * piety under Okawaru
  2020 | D:7      | Reached skill level 10 in Axes
  2185 | D:7      | Found a glowing golden altar of the Shining One.
  2261 | D:7      | Identified the +6 plate armour of Amorality {rN+}
  2499 | D:8      | Found a staircase to the Lair.
  2517 | D:8      | HP: 2/74 [water moccasin (5)]
  2523 | D:8      | Reached XP level 9. HP: 8/82 MP: 7/11
  2524 | D:8      | Reached skill level 11 in Axes
  2531 | D:8      | Reached ** piety under Okawaru
  2642 | D:8      | Reached skill level 5 in Invocations
  2695 | D:8      | HP: 3/83 [kobold brigand/+0 short sword (8)]
  2894 | D:8      | Reached skill level 12 in Axes
  3000 | D:8      | Paralysed by a hornet for 2 turns
  3007 | D:8      | Paralysed by a hornet for 3 turns
  3017 | D:8      | Paralysed by a hornet for 1 turns
  3021 | D:8      | Reached *** piety under Okawaru
  3095 | D:8      | Found a broken altar of Ashenzari.
  3245 | Lair:1   | Entered Level 1 of the Lair of Beasts
  3288 | Lair:1   | Noticed browni3141's ghost (journeyman MiFi)
  3369 | Lair:1   | Reached XP level 10. HP: 72/91 MP: 14/14
  3478 | Lair:1   | Found a transporter.
  3478 | Lair:1   | Noticed a cane toad
  3493 | Lair:1   | Found a transporter.
  3512 | Lair:1   | Reached **** piety under Okawaru
  3544 | Lair:1   | Reached skill level 13 in Axes
  3547 | Lair:1   | Reached skill level 10 in Fighting
  3719 | Lair:1   | Noticed a cane toad
  3721 | Lair:1   | Noticed a torpor snail
  3726 | Lair:1   | Noticed a black mamba
  3782 | Lair:1   | Noticed a black mamba
  3795 | Lair:1   | Killed a black mamba
  3818 | Lair:1   | Reached ***** piety under Okawaru
  3819 | Lair:1   | Reached skill level 14 in Axes
  4053 | Lair:1   | Reached XP level 11. HP: 96/101 MP: 16/16
  4186 | Lair:2   | Noticed Sonja
  4190 | Lair:2   | Sonja changed into Sonja the naga
  4190 | Lair:2   | Noticed Sonja
  4198 | Lair:2   | Killed Sonja the naga
  4356 | Lair:2   | Noticed an oklob plant
  4447 | Lair:2   | Killed an oklob plant
  4502 | Lair:2   | Noticed a death yak
  4509 | Lair:2   | Noticed a death yak
  4511 | Lair:2   | Noticed a death yak
  4515 | Lair:2   | Killed a death yak
  4556 | Lair:1   | HP: 2/102 [death yak (18)]
  4562 | Lair:1   | Slain by a death yak

Illustrated notes

Levels and vault maps discovered:
D:1:      amcnicky_arrival_blooded_trapdoor, layout_basic,
          chequers_serial_rivers_large_b
D:2:      layout_loops_ring, kennysheep_cross_room, uniq_crazy_yiuf_cottage,
          uniq_robin
D:3:      layout_loops_ring, mainiacjoe_overflow_alcove_3
D:4:      layout_gridville, gammafunk_ghost_grave, hangedman_feature_mirror,
          minmay_misc_feat_tower, minmay_ruptured, uniq_pikel
D:5:      layout_rooms
D:7:      layout_basic, tso_altar, minmay_temple_entry_ruins
D:8:      layout_rooms, overflow_temple_1_default, minmay_lair_entry_grove
Temple:   nicolae_temple_ecumenical_triangle
Lair:1:   layout_chaotic_city, nzn_ghost_randoct, beast_lair_carwin_8
Lair:2:   layout_regular_city, dummy_spider_entry, serial_bayou_pond_c,
          pdpol_lair_cabin_in_the_woods, uniq_sonja

Skill      XL: |  1  2  3  4  5  6  7  8  9 10 11 |
---------------+----------------------------------+-----
Axes           | 3 4 7 9 10 12 14 | 14.7
Fighting       | 4 6 7 8 9 10 11 | 11.1
Invocations    | 4 7 9 |  9.8
Armour         | |  3.6
Shields        | |  3.6

Action                     |  1- 3 |  4- 6 |  7- 9 | 10-12 || total
---------------------------+-------+-------+-------+-------++-------
  Melee: War axe           |    41 |    27 |   243 |   142 ||   453
         Headbutt          |     7 |     4 |    44 |    35 ||    90
  Throw: Throwing net      |       |       |     1 |       ||     1
         Javelin           |       |       |       |    20 ||    20
         Boomerang         |       |       |       |     5 ||     5
 Invoke: Heroism           |       |       |     3 |     7 ||    10
  Evoke: Wand              |       |       |     4 |     3 ||     7
    Use: Potion            |       |     1 |     2 |       ||     3
         Scroll            |       |       |     6 |       ||     6
 Armour: Scale mail        |    40 |    20 |   264 |   142 ||   466
  Dodge: Dodged            |    18 |     9 |   116 |    75 ||   218
  Block: Buckler           |    14 |     3 |    44 |    42 ||   103
